Unix NetHack Version 5.0.0-0 post-release - last build May 31 2026 23:59:36 (970b52f25bf058293b47ddfd14a1e40e571c508c,branch:main).

Game began 2026-06-07 23:49:39, ended 2026-06-07 23:51:15.

JPB01, neutral female gnomish Wizard

                                                 ---.---------
                                                 |...........|
                                                 |.o.........|
                                                 |...........+
                                                 |..!.@......|
                                                 |...f......[|
                                                 -------------

JPB01 the Evoker          St:8 Dx:12 Co:14 In:19 Wi:10 Ch:12  Neutral
Dlvl:1  $:0  HP:0(11) Pw:9(9) AC:9  Xp:1 T:2  Conf

Latest messages:
 Shall I pick character's race, role, gender and alignment for you? [ynaq] n
 [Thoth has chosen you to recover the Amulet of Yendor for Him.]
 Hello JPB01, welcome to NetHack!  You are a neutral female gnomish Wizard.
 What do you want to read? [ijklm or ?*] <esc>
 Never mind.
 What do you want to use or apply? [clmn or ?*] ?
 Never mind.
 What do you want to drink? [fgh or ?*] ?
 Ooph!  This tastes like liquid fire!
 What do you want to read? [ijklm or ?*] ?
 As you read the scroll, it disappears.
 Being confused, you mispronounce the magic words...
 Wiped out all wizards.
 Do you want your possessions identified? [ynq] (y) q

Inventory:
 Weapons  (')')
  a - a blessed +1 quarterstaff (weapon in hands)
 Armor    ('[')
  b - a blessed +0 cloak of magic resistance (being worn)
 Scrolls  ('?')
  j - an uncursed scroll of enchant armor
  i - an uncursed scroll of light
 Spellbooks  ('+')
  l - a blessed spellbook of force bolt
  m - an uncursed spellbook of sleep
 Potions  ('!')
  g - an uncursed potion of healing
  f - a blessed potion of restore ability
 Rings    ('=')
  e - an uncursed ring of polymorph
  d - an uncursed ring of regeneration
 Wands    ('/')
  c - a wand of sleep (0:7)
 Tools    ('(')
  n - a magic marker (0:20)

JPB01 the Wizard's attributes:

Background:
 You were an Evoker, a level 1 female gnomish Wizard.
 You were neutral, on a mission for Thoth
 who was opposed by Ptah (lawful) and Anhur (chaotic).
 You were right-handed.
 You were in the Dungeons of Doom, on level 1.
 You entered the dungeon 2 turns ago.
 It was nighttime.
 You had 0 experience points, 20 were needed to attain level 2.

Basics:
 You had 0 out of 11 hit points.
 You had all 9 energy points (spell power).
 Your armor class was 9.
 Your wallet was empty.
 Autopickup was off.

Final Characteristics:
 Your strength was 8 (limit:18/50).
 Your dexterity was 12 (limit:18).
 Your constitution was 14 (limit:18).
 Your intelligence was 19 (limit:19).
 Your wisdom was 10 (limit:18).
 Your charisma was 12 (limit:18).

Final Status:
 You were confused.
 You weren't hungry.
 You were unencumbered.
 You were wielding a quarterstaff.
 You had basic skill with quarterstaff.

Final Attributes:
 You were nominally aligned.
 You were magic-protected.
 You had infravision.
 You were warded.
 You are dead.

Miscellaneous:
 You disabled loading and storing of bones levels.
 Total elapsed playing time was 7 seconds.

Major events:
 Turn
    1: JPB01 the neutral female gnomish Wizard entered the dungeon
    2: performed her first genocide (wizards)
    2: killed by genocidal confusion

Spells:
 Name                 Level Category     Fail Retention
 force bolt             1   attack         0%  91%-100%
 sleep                  3   enchantment   24%  91%-100%

Skills:
 Fighting Skills
   bare handed combat [Unskilled]
   riding             [Unskilled]
 Weapon Skills
   dagger             [Unskilled]
   knife              [Unskilled]
   axe                [Unskilled]
   short sword        [Unskilled]
   club               [Unskilled]
   mace               [Unskilled]
   quarterstaff       [Basic]
   polearms           [Unskilled]
   spear              [Unskilled]
   trident            [Unskilled]
   sling              [Unskilled]
   dart               [Unskilled]
   shuriken           [Unskilled]
 Spellcasting Skills
   attack spells      [Basic]
   healing spells     [Unskilled]
   divination spells  [Unskilled]
   enchantment spells [Basic]
   clerical spells    [Unskilled]
   escape spells      [Unskilled]
   matter spells      [Unskilled]

Voluntary challenges:
 Your character was rerolled 70 times.
 You went without food.
 You were an atheist.
 You never hit with a wielded weapon.
 You were a pacifist.
 You genocided 1 type of monster.
 You never polymorphed an object.
 You never changed form.
 You used no wishes.

 The Dungeons of Doom:
    Level 1: <- You were here.
       Final resting place for
          you, killed by genocidal confusion.


No creatures were vanquished.

Genocided species:
 wizards
1 species genocided.

Game over:
                       ----------
                      /          \
                     /    REST    \
                    /      IN      \
                   /     PEACE      \
                  /                  \
                  |      JPB01       |
                  |       0 Au       |
                  |    killed by     |
                  |    genocidal     |
                  |    confusion     |
                  |                  |
                  |       2026       |
                 *|     *  *  *      | *
        _________)/\\_//(\/(/\)/\//\/|_)_______

Goodbye JPB01 the Wizard...

You were genocided in The Dungeons of Doom on dungeon level 1 with 0 points,
and 0 pieces of gold, after 2 moves.
You were level 1 with a maximum of 11 hit points when you were genocided.

